 Dungeon Crawl Stone Soup version 0.25-a0-510-ge065f6de7d (webtiles) character file.

Game seed: 13867630961393711653, levelgen mode: deterministic

4971 Forecaster the Tainter (level 10, -1/127 HPs)
             Began as a Naga Venom Mage on Feb 15, 2020.
             Was a Follower of Dithmenos.
             Slain by an orc warrior
             ... wielding the +12 morningstar of Cruel Justice {freeze, rC+}
              (3 damage)
             ... on level 7 of the Dungeon.
             The game lasted 01:15:11 (7742 turns).

Forecaster the Tainter (Naga Venom Mage)            Turns: 7742, Time: 01:15:13

Health: -1/127     AC: 25    Str: 15    XL:     10   Next: 53%
Magic:  4/19       EV:  1    Int: 17    God:    Dithmenos [*.....]
Gold:   399        SH:  4    Dex: 13    Spells: 10/21 levels left

rFire    . . .     SeeInvis +   G - +5 hand axe
rCold    . . .     Gourm    .   m - +0 buckler
rNeg     + + +     Faith    .   (armour currently unavailable)
rPois    +         Spirit   .   (helmet currently unavailable)
rElec    .         Reflect  .   (cloak currently unavailable)
rCorr    .         Harm     .   (gloves currently unavailable)
MR       +....     NoTele   +   (no barding)
Stlth    +++.......             (no amulet)
HPRegen  0.31/turn              L - +4 ring of strength
MPRegen  0.16/turn              (no ring)

@: tree-form, wreathed by umbra
A: large, see invisible, slow metabolism 1, spit poison 1, AC +3
a: Spit Poison, Renounce Religion


You were on level 7 of the Dungeon.
You worshipped Dithmenos.
Dithmenos was aware of your devotion.
You were not hungry.
You were a tree.
You visited 2 branches of the dungeon, and saw 11 of its levels.
You also visited: Ossuary.

You collected 399 gold pieces.

Inventory:

Hand Weapons
 d - a +0 short sword of flaming
 p - a +0 spear of freezing
 w - a +0 spear
 D - a +0 hunting sling
 G - a +5 hand axe (weapon)
 H - a +0 long sword
 N - a +1 war axe of holy wrath
 O - a cursed +0 hunting sling
 Q - a +0 quarterstaff
 S - a +2 dagger of speed
 T - a +0 trident
Missiles
 o - 35 bolts
 u - 146 stones (quivered)
 y - 101 arrows
 I - 32 poisoned darts
Armour
 h - a +0 ring mail
 m - a +0 buckler (worn)
 E - +0 acid dragon scales (melded)
 F - a +0 leather armour
 M - a +0 pair of gloves (melded)
 W - a +0 robe
Jewellery
 a - an uncursed ring of fire
 r - an uncursed ring of resist corrosion {unknown}
 B - an uncursed amulet of harm
 L - a +4 ring of strength (left branch)
Wands
 P - a wand of iceblast (5)
Scrolls
 g - 3 scrolls of enchant weapon
 i - 3 scrolls of teleportation
 j - a scroll of fear {unknown}
 l - a scroll of holy word {unknown}
 n - 4 scrolls of fog
 t - 6 scrolls of remove curse
 v - a scroll of identify
 C - 2 scrolls of magic mapping {unknown}
 R - 2 scrolls of immolation
 U - 4 scrolls of enchant armour {unknown}
 Y - 2 scrolls of amnesia {unknown}
Potions
 b - 4 potions of brilliance
 f - 2 potions of ambrosia
 k - 2 potions of curing
 q - a potion of mutation
 s - 2 potions of might {unknown}
 x - 2 potions of flight
 z - a potion of cancellation {unknown}
 J - 2 potions of magic {unknown}
 K - 2 potions of berserk rage {unknown}
 X - a potion of invisibility {unknown}
Comestibles
 c - 16 rations
 V - 8 chunks of flesh


   Skills:
 + Level 3.7 Fighting
 + Level 1.2 Short Blades
 + Level 6.7 Axes
 + Level 3.5 Armour
 + Level 3.0 Dodging
 + Level 5.2 Stealth
 + Level 1.0 Shields
 + Level 6.0 Spellcasting
 + Level 2.1 Transmutations
 + Level 1.8 Fire Magic
 + Level 4.6 Air Magic
 + Level 10.2 Poison Magic


You had 10 spell levels left.
You knew the following spells:

 Your Spells              Type           Power        Failure   Level  Hunger
a - Sting                 Tmut/Pois      ####         1%          1    None
b - Poisonous Vapours     Pois/Air       ####..       1%          2    None
c - Ignite Poison         Fire/Tmut/Pois ###.....     8%          3    ##.....
d - Olgreb's Toxic Radia  Pois           #####...     2%          4    ####...
e - Infusion              Chrm           #...         17%         1    None

Your spell library contained the following spells:

 Spells                   Type           Power        Failure   Level  Hunger
 Mephitic Cloud           Conj/Pois/Air  ###.....     7%          3    ##.....
 Corpse Rot               Necr/Air       N/A          10%         2    None
 Shroud of Golubria       Chrm/Tloc      #.....       26%         2    None
 Song of Slaying          Chrm           #.......     26%         2    None
 Sublimation of Blood     Necr           #.........   26%         2    None
 Ozocubu's Armour         Chrm/Ice       #.......     45%         3    ##.....
 Spectral Weapon          Hex/Chrm       #.......     45%         3    ##.....
 Dispel Undead            Necr           #.......     86%         4    ####...
 Agony                    Necr           #.......     99%         5    #####..
 Excruciating Wounds      Chrm/Necr      #.........   99%         5    #####..


Dungeon Overview and Level Annotations

Branches:
Dungeon (10/15)            Temple (1/1) D:6         Ossuary (visited)
   Lair: D:8-11         Orc: D:9-12

Altars:
Dithmenos
Gozag
Beogh

Annotations:
D:7 hydraslayer's ghost, novice SpAK


Innate Abilities, Weirdness & Mutations

You cannot wear boots.
((Your serpentine skin is tough. (AC +3)))
You have supernaturally acute eyesight. (SInv)
((Armour fits poorly on your strangely shaped body.))
((Your system is resistant to poisons. (rPois)))
((You cover ground very slowly.))
You have a slow metabolism.
You can spit poison.


Message History

You hit hydraslayer's ghost but do no damage.
Hydraslayer's ghost is severely damaged.
You closely miss the orc warrior.
The orc warrior hits you but does no damage.
Hydraslayer's ghost hits you but does no damage.
You barely miss hydraslayer's ghost.
Hydraslayer's ghost is severely damaged.
You closely miss the orc warrior.
The orc warrior hits you with the +12 morningstar of Cruel Justice {freeze, rC+}!
* * * LOW HITPOINT WARNING * * *
The orc warrior freezes you.
* * * LOW HITPOINT WARNING * * *
You block hydraslayer's ghost's attack.
You barely miss the orc warrior.
The orc warrior is almost dead.
You miss hydraslayer's ghost.
The orc warrior hits you with the +12 morningstar of Cruel Justice {freeze, rC+}.
* * * LOW HITPOINT WARNING * * *
The orc warrior freezes you.
You die...

..#8....[_[... 8 #
..#............ #.
..#.#8#..8..#8# # #..
#.#.###.....###.#
...#..##.#...)#####....#
...#.....#...).).......#
...+.....######oW(######
...#..##.8.....[♣).....8
..##..##..#.......##.###
..#.......#.......#
..#.......#.......#
..'.......#.......+
..###'###.#.......###
....#.###.##........
....#......'........
....#......#......


You could see an orc warrior and hydraslayer's ghost.

Vanquished Creatures
  Joseph (D:8)
  Maurice (D:8)
  Maggie (D:6)
  A hippogriff (D:9)
  A wraith (Ossuary)
  4 hogs (D:7)
  A human (D:7)
  Menkaure (D:7)
  2 orc warriors (D:7)
  2 sky beasts
  A necrophage (D:8)
  2 centaurs (D:8)
  7 ogres
  A crocodile (D:10)
  An elf zombie (Ossuary)
  A big kobold (D:7)
  2 bullfrogs (D:6)
  2 scorpions
  5 killer bees (D:8)
  4 crimson imps
  5 hounds
  3 orc priests
  A jelly (D:4)
  4 orc wizards
  A bullfrog skeleton (D:7)
  2 iguanas
  5 worker ants
  A killer bee zombie (D:6)
  3 mummies (Ossuary)
  A gnoll (D:1)
  7 adders
  4 shadow imps
  2 oozes
  2 adder skeletons
  2 worms
  A dart slug (D:3)
  2 leopard geckos
  24 orcs
  A ball python (D:3)
  3 bats (D:1)
  2 giant cockroaches
  16 goblins
  9 hobgoblins
  14 jackals
  A quokka (D:3)
  3 frilled lizards
  A goblin zombie (Ossuary)
  3 hobgoblin zombies (Ossuary)
  9 kobolds
  3 kobold zombies (Ossuary)
  A leopard gecko skeleton (D:9)
  A leopard gecko zombie (D:5)
  8 rats
186 creatures vanquished.

Notes
Turn   | Place    | Note
-------+----------+-------------------------------------------
     0 | D:1      | Forecaster the Naga Venom Mage began the quest for the Orb.
     0 | D:1      | Reached XP level 1. HP: 15/15 MP: 3/3
   162 | D:1      | Reached XP level 2. HP: 5/24 MP: 0/5
   483 | D:1      | Reached XP level 3. HP: 22/30 MP: 1/6
   965 | D:2      | Learned a level 2 spell: Poisonous Vapours
   969 | D:2      | Learned a level 3 spell: Ignite Poison
  1700 | D:2      | Reached XP level 4. HP: 37/37 MP: 5/8
  2175 | D:3      | Reached skill level 5 in Poison Magic
  2198 | D:3      | Reached skill level 1 in Short Blades
  2526 | D:3      | Reached skill level 1 in Air Magic
  2732 | D:3      | Reached XP level 5. HP: 43/43 MP: 2/9
  2842 | D:4      | Noticed an ogre
  2847 | D:4      | Killed an ogre
  2989 | D:4      | Reached XP level 6. HP: 43/50 MP: 3/10
  3050 | D:4      | Reached skill level 1 in Axes
  3213 | D:4      | Reached skill level 6 in Poison Magic
  3368 | D:5      | Entered Level 5 of the Dungeon
  3395 | D:5      | Reached skill level 1 in Armour
  3499 | D:5      | Noticed a sky beast
  3810 | D:4      | Killed a sky beast
  3810 | D:4      | Reached skill level 1 in Fighting
  3810 | D:4      | Reached XP level 7. HP: 12/57 MP: 8/11
  3832 | D:4      | Learned a level 4 spell: Olgreb's Toxic Radiance
  4078 | D:5      | Reached skill level 7 in Poison Magic
  4575 | D:6      | Found a sand-covered staircase.
  4588 | Ossuary  | Entered an ossuary
  4588 | Ossuary  | Noticed a wraith
  4588 | Ossuary  | Noticed a wraith
  4588 | Ossuary  | Noticed a wraith
  4675 | Ossuary  | Noticed a wraith
  4684 | Ossuary  | HP: 3/85 [wraith (3)]
  4695 | Ossuary  | Killed a wraith
  4695 | Ossuary  | Reached XP level 8. HP: 23/64 MP: 13/13
  5878 | D:6      | Noticed Maggie
  5928 | D:6      | Found a staircase to the Ecumenical Temple.
  5933 | D:6      | Killed Maggie
  5985 | D:6      | Reached skill level 8 in Poison Magic
  6217 | D:6      | Reached XP level 9. HP: 74/74 MP: 10/15
  6467 | Temple   | Entered the Ecumenical Temple
  6485 | Temple   | Became a worshipper of Dithmenos the Shadowed
  6516 | D:7      | Noticed Menkaure
  6533 | D:7      | Killed Menkaure
  6533 | D:7      | Reached skill level 5 in Stealth
  6729 | D:7      | Reached skill level 5 in Axes
  6817 | D:7      | Reached skill level 5 in Spellcasting
  6857 | D:7      | You fall into a shaft and drop 3 floors!
  6857 | D:10     | Entered Level 10 of the Dungeon
  6949 | D:9      | Reached skill level 9 in Poison Magic
  7000 | D:9      | Learned a level 1 spell: Infusion
  7056 | D:8      | Noticed Maurice
  7061 | D:8      | Killed Maurice
  7061 | D:8      | Reached XP level 10. HP: 62/83 MP: 0/18
  7174 | D:8      | Reached * piety under Dithmenos
  7183 | D:8      | Noticed Joseph
  7247 | D:8      | Killed Joseph
  7414 | D:9      | Reached skill level 1 in Shields
  7429 | D:8      | Reached skill level 1 in Fire Magic
  7438 | D:8      | Reached skill level 10 in Poison Magic
  7706 | D:7      | Found a runed translucent gate.
  7706 | D:7      | Found a runed translucent gate.
  7706 | D:7      | Noticed hydraslayer's ghost (novice SpAK)
  7709 | D:7      | Identified the +12 morningstar of Cruel Justice {freeze,
                  | rC+}
  7709 | D:7      | Identified the +4 plate armour of Shadows and Fog {rF++}
  7709 | D:7      | Found a runed translucent gate.
  7709 | D:7      | Found a roughly hewn altar of Beogh.
  7742 | D:7      | HP: 2/127 [orc warrior/the +12 morningstar of Cruel Justice
                  | {freeze, rC+} (6)]
  7742 | D:7      | Slain by an orc warrior

Levels and vault maps discovered:
D:1:      minmay_arrival_solitary_statue, layout_basic
D:2:      layout_rooms, serial_co_window_serial, co_window_paths_a,
          co_window_paths_b, co_window_corner_a, co_window_paths_b,
          co_window_corner_a, co_window_unsneaky_path_b,
          co_window_of_opportunity_b, co_window_broadway_b, co_window_paths_c,
          co_window_broadway_b, co_window_unsneaky_path_e, co_window_sun,
          glass_columns_c
D:3:      layout_basic
D:4:      layout_gridville, first_ration, roderic_roman_lattice
D:5:      layout_cave_pools, minmay_ogre_servants
D:6:      layout_loops_cross, minmay_temple_entry_drinking_statues,
          enter_ossuary_3, uniq_maggie
D:7:      layout_gridville, biasface_ghost_orc_armoury, grunt_livestock,
          uniq_menkaure
D:8:      layout_rooms, marbit_many_paths, kennysheep_another_room,
          uniq_gastronok, uniq_joseph, uniq_maurice
D:9:      layout_roguey, erik_lair_island, minmay_starry_boxes
D:10:     layout_long_grid
Temple:   roderic_octagonal_lattice_temple

Skill      XL: |  1  2  3  4  5  6  7  8  9 10 |
---------------+-------------------------------+-----
Poison Magic   | 5 6 7 8 9 10 | 10.2
Short Blades   | 1 |  1.2
Air Magic      | 1 2 3 4 |  4.6
Spellcasting   | 3 4 5 6 |  6.0
Axes           | 2 3 4 6 |  6.7
Armour         | 1 2 3 |  3.5
Fighting       | 1 2 3 |  3.7
Dodging        | 2 3 |  3.0
Stealth        | 4 5 |  5.2
Transmutations | 2 |  2.1
Shields        | 1 |  1.0
Fire Magic     | 1 |  1.8

Action                   |  1- 3 |  4- 6 |  7- 9 | 10-12 || total
-------------------------+-------+-------+-------+-------++-------
Melee: Short sword       |    47 |     4 |       |       ||    51
       Hand axe          |       |    66 |   187 |    84 ||   337
 Cast: Sting             |    24 |       |       |       ||    24
       Poisonous Vapours |    14 |    40 |    60 |    10 ||   124
       Ignite Poison     |     2 |     2 |     7 |     9 ||    20
       Olgreb's Toxic Ra |       |       |     3 |     8 ||    11
  Use: Scroll            |       |    13 |     5 |       ||    18
       Potion            |       |     2 |     5 |     4 ||    11
 Stab: Distracted        |       |       |     1 |       ||     1
  Eat: Chunk             |     3 |     7 |     6 |     1 ||    17
       Ration            |       |     1 |     1 |     1 ||     3
Armor: Robe              |    15 |     1 |       |       ||    16
       Leather armour    |       |    27 |    17 |       ||    44
       Skin              |       |       |    23 |    69 ||    92
       Acid dragon scale |       |       |    25 |    23 ||    48
Dodge: Dodged            |    28 |    34 |    66 |    32 ||   160
Block: Buckler           |     5 |     9 |    13 |    28 ||    55

Table legend:
 A = Non-vault XP
 B = Vault XP
 C = Vault XP percentage of total XP
 D = Non-vault monster count
 E = Vault monster count
 F = Vault count percentage of total count
                 A         B        C        D         E       F
            +---------+---------+-------+---------+---------+-------
      Total |    3761 |    3341 |  47.0 |     147 |      39 |  21.0
            +---------+---------+-------+---------+---------+-------
        D:1 |      41 |       0 |   0.0 |      17 |       0 |   0.0
        D:2 |      54 |       0 |   0.0 |      21 |       0 |   0.0
        D:3 |      70 |       0 |   0.0 |      17 |       0 |   0.0
        D:4 |     473 |       0 |   0.0 |      15 |       0 |   0.0
        D:5 |     272 |     137 |  33.5 |      16 |       9 |  36.0
        D:6 |     793 |     385 |  32.7 |      16 |       1 |   5.9
        D:7 |     439 |    1471 |  77.0 |      14 |      15 |  51.7
        D:8 |     983 |     971 |  49.7 |      20 |       2 |   9.1
        D:9 |     501 |       0 |   0.0 |       9 |       0 |   0.0
       D:10 |     135 |       0 |   0.0 |       2 |       0 |   0.0
    Ossuary |       0 |     377 | 100.0 |       0 |      12 | 100.0
            +---------+---------+-------+---------+---------+-------
